 Dungeon Crawl Stone Soup version 0.30.0-5-g1a98f26d00 (webtiles) character file.

Game seed: 11830056079104891090

170111 math4jedi the Warrior (level 17, -14/159 HPs)
             Began as a Minotaur Berserker on May 9, 2023.
             Was a High Priest of Trog.
             Demolished by a reaper
             ... wielding a +2 scythe of freezing
              (23 damage)
             ... in an ice cave on May 10, 2023.
             The game lasted 02:03:13 (31069 turns).

math4jedi the Warrior (Minotaur Berserker)         Turns: 31069, Time: 02:03:13

Health: -14/159    AC: 29    Str: 31    XL:     17   Next: 36%
Magic:  5/5        EV: 11    Int:  5    God:    Trog [*****.]
Gold:   1220       SH:  5    Dex: 10    Spells: 16/16 levels left

rFire   + . .        a - +2 bardiche (antimagic)
rCold   + . .        (shield currently unavailable)
rNeg    + . .        n - +7 gold dragon scales
rPois   +            r - +2 hat
rElec   .            c - scarf {repulsion}
rCorr   +            i - +2 pair of gloves
SInv    +            (no boots)
Will    +++..        Y - amulet of reflection Stlth
                     t - ring "Raunim" {rN+ rCorr}
HPRegen 1.46/turn    y - ring of see invisible
MPRegen 0.09/turn

%: repel missiles, reflection
@: strong-willed, regenerating
A: horns 2, retaliatory headbutt, talons 1, iridescent scales 1, deformed body,
strong 1
a: Renounce Religion, Berserk, Trog's Hand, Brothers in Arms


You were in an ice cave.
You worshipped Trog.
Trog was extremely pleased with you.
You visited 5 branches of the dungeon, and saw 27 of its levels.
You also visited: Gauntlet and Ice Cave.

You collected 2678 gold pieces.
You spent 1458 gold pieces at shops.

Inventory:

Hand Weapons
 a - a +2 antimagic bardiche (weapon)
 b - the +8 trident of the Octopus King {venom, rElec rPois}
   (You found it on level 3 of the Dungeon)

   rElec:     It insulates you from electricity.
   rPois:     It protects you from poison.
 p - a +2 executioner's axe
Missiles
 e - 37 poisoned darts (quivered)
 P - 6 curare-tipped darts
Armour
 c - a scarf of repulsion (worn)
 i - a +2 pair of gloves (worn)
 n - +7 gold dragon scales (worn)
 r - a +2 hat (worn)
Jewellery
 t - the ring "Raunim" (left hand) {rN+ rCorr}
   (You took it off a hobgoblin on level 2 of the Dungeon)

   [ring of positive energy]

   rN:        It protects you from negative energy.
   rCorr:     It protects you from acid and corrosion.
 u - a +6 ring of strength
 x - a +4 ring of protection
 y - a ring of see invisible (right hand)
 D - a +6 ring of dexterity
 U - a ring of protection from cold
 Y - an amulet of reflection (around neck)
Wands
 q - a wand of flame (60)
 M - a wand of polymorph (23)
 R - a wand of paralysis (25)
 T - a wand of mindburst (4)
 V - a wand of roots (5)
 X - a wand of quicksilver (21)
 Z - a wand of digging (2)
Scrolls
 k - 3 scrolls of brand weapon
 l - 5 scrolls of immolation
 m - 8 scrolls of teleportation
 F - 6 scrolls of fog
 I - 6 scrolls of fear
 N - 5 scrolls of butterflies
 O - 5 scrolls of magic mapping
 S - 5 scrolls of enchant weapon
Potions
 d - a potion of invisibility
 f - 5 potions of attraction
 j - 2 potions of berserk rage
 o - 4 potions of ambrosia
 v - 12 potions of curing
 w - 3 potions of haste
 z - 5 potions of flight
 A - 3 potions of cancellation
 C - 7 potions of might
 Q - 5 potions of lignification
Miscellaneous
 h - a box of beasts
 E - a condenser vane
 H - a phial of floods
 L - a lightning rod (4/4)


   Skills:
 * Level 16.5 Fighting
 + Level 14.4(17.4) Axes
 - Level 16.0(18.2) Polearms
 - Level 16.0 Armour
 + Level 15.7 Dodging
 + Level 12.2 Evocations


You had 16 spell levels left.
You didn't know any spells.
Your spell library was empty.

Dungeon Overview and Level Annotations

Branches:
Dungeon (15/15)            Temple (0/1) D:7            Lair (5/5) D:10
  Swamp (2/4) Lair:2        Snake (3/4) Lair:2        Slime (0/5) Lair:5
    Orc (2/2) D:12            Elf (0/3) Orc:2        Vaults (0/5) D:13
 Depths (0/4) D:15          IceCv (1/1)             Gauntlet (visited)

Altars:
Dithmenos
Elyvilon
Fedhas
Gozag
Hepliaklqana
Kikubaaqudgha
Makhleb
Qazlal
Sif Muna
Trog
Uskayaw
Wu Jian
Xom
Yredelemnul
The Shining One
Jiyva

Shops:
D:1 (   Orc:2 *(([?**[

Annotations:
Orc:2 exclusion: upstairs


Innate Abilities, Weirdness & Mutations

You have a pair of horns on your head.
You reflexively headbutt those who attack you in melee.
You have sharp toenails.
You are partially covered in iridescent scales. (AC +2)
Armour fits poorly on your strangely shaped body.
Your muscles are strong. (Str +4, Int/Dex -1)


Message History

The reaper freezes you.
The reaper hits you from afar with a +0 scythe of freezing!
The reaper freezes you.
Aiming: Fastroot
Press: ? - help, Shift-Dir - straight line, f - reaper
Aim: a reaper, wielding a +2 scythe of freezing The roots erupt in riotous growth!
Roots grab the reaper. x3
The grasping roots constrict the reaper. x3
The reaper hits you from afar with a +2 scythe of freezing!!
The reaper freezes you. You block the reaper's attack.
The reaper hits you from afar with a +0 scythe of freezing!
The roots lose their grip on something.
The grasping roots constrict the reaper! x2
The reaper hits you from afar with a +2 scythe of freezing!
* * * LOW HITPOINT WARNING * * *
The reaper freezes you.
* * * LOW HITPOINT WARNING * * *
The reaper hits you from afar with a +0 scythe of freezing!!
* * * LOW HITPOINT WARNING * * *
The roots lose their grip on something.
The grasping roots constrict the reaper!
The reaper closely misses you.
The reaper struggles to escape constriction.
Aiming: Quicksilver Bolt
Press: ? - help, Shift-Dir - straight line, f - reaper
Aim: a reaper, wielding a +0 scythe of freezing (moderately wounded, constricted by roots, 100% to hit)
The bolt of dispelling energy hits the reaper!!
The reaper is heavily wounded.
The bolt of dispelling energy hits the reaper!!
The reaper is heavily wounded.
The grasping roots constrict the reaper!
The roots release their grip on the reaper.
The reaper hits you from afar with a +2 scythe of freezing!
* * * LOW HITPOINT WARNING * * *
The reaper freezes you.
* * * LOW HITPOINT WARNING * * *
You feel better.
The reaper hits you from afar with a +2 scythe of freezing!!
You die...

############
.........'.#
####'#####.#
.#.#.#.#.#.##
'#'#.#'#'#.8######
.........#.......#
.8.8.8.8.#.#####@#
.........#.#$.!#.##
.........'.#?⌠22.⌠#
....÷....#.#)./#.##
.8.8.8.8.#.#####.#
.........#.......#
'#'#.#'#'#.8######
.#.#.#.#.#.##
####'#####.#


You could see a reaper.

Vanquished Creatures
  Saint Roka (Snake:2)
  Nikola (Snake:1)
  Kirke (Lair:4)
  An orc warlord (Orc:1)
  A cacodemon (Gauntlet)
  A very ugly thing (IceCv)
  Nessos (D:13)
  Azrael (Snake:1)
  A minotaur (Gauntlet)
  2 bunyips (Lair:2)
  Snorg (D:13)
  Josephine (D:14)
  An ice dragon (Swamp:2)
  10 hydras
  2 ogre magi
  A ghost crab (Swamp:1)
  9 centaur warriors
  2 caustic shrike simulacra (IceCv)
  12 anacondas
  4 alligators (Swamp:1)
  A catoblepas (Lair:5)
  5 death yaks (D:10)
  4 boulder beetles
  14 two-headed ogres
  2 tengu warriors
  6 naga warriors
  2 shock serpents
  5 naga sharpshooters
  A shock serpent (shapeshifter) (D:15)
  A sixfirhy (D:13)
  A deep elf knight (D:15)
  A skyshark (Lair:5)
  4 skeletal warriors (D:14)
  4 sea snakes (Snake:2)
  2 salamander mystics
  A goliath frog (Swamp:1)
  4 bog bodies
  A wizard (D:15)
  2 obsidian statues (IceCv)
  The ghost of LobsterGuardian the Gouger, a novice FeTm of Dithmenos (D:12)
  A swamp dragon (Swamp:1)
  3 naga ritualists
  5 orc knights
  A deep elf archer (D:15)
  A spriggan simulacrum (IceCv)
  5 deep elf pyromancers
  4 deep elf zephyrmancers
  A necromancer (D:15)
  9 mana vipers
  7 cyclopes
  An orc sorcerer (Orc:2)
  2 wolf spiders (Lair:5)
  14 ugly things
  A will-o-the-wisp (Lair:2)
  2 oklob plants
  12 salamanders
  5 elephants (Lair:4)
  2 moths of wrath (D:12)
  23 black mambas
  Joseph (D:8)
  A guardian serpent (Lair:5)
  An ice statue (Gauntlet)
  15 naga magi
  A centaur zombie (D:15)
  13 cane toads
  A centaur skeleton (D:15)
  4 gargoyles
  An unseen horror (D:12)
  2 freezing wraiths (IceCv)
  A kobold demonologist (D:9)
  A komodo dragon (shapeshifter) (D:13)
  5 rime drakes
  A golden dragon simulacrum (IceCv)
  An ice devil (Gauntlet)
  5 komodo dragons
  2 tengu conjurers (D:13)
  An efreet (D:14)
  13 trolls
  5 polar bears
  Grinder (D:6)
  6 tyrant leeches
  3 hornets
  4 raiju (D:13)
  16 blink frogs
  4 slime creatures (D:14)
  A spriggan (Swamp:1)
  A vampire (D:9)
  7 wraiths
  Grum (Lair:1)
  12 wyverns
  4 fire elementals (Snake:1)
  43 yaks
  2 basilisks
  2 hogs (Lair:4)
  2 steam dragons
  A redback (shapeshifter) (D:15)
  A neqoxec (Gauntlet)
  5 redbacks (Lair:5)
  2 vampire mosquitoes (D:13)
  7 swamp worms
  21 water moccasins
  15 nagas
  12 wargs
  Duvessa (D:7)
  4 hell hounds (Snake:1)
  2 hydra simulacra (IceCv)
  5 acid dragons
  51 orc warriors
  5 black bears
  2 ice beasts
  2 alligator simulacra (IceCv)
  A swamp drake (Swamp:1)
  6 ettin simulacra (IceCv)
  11 wolves
  6 ogres
  20 centaurs
  3 phantoms
  Blork the orc (D:6)
  4 kobold brigands
  14 bullfrogs
  2 gnoll sergeants
  8 wights
  2 scorpions
  A deep troll simulacrum (IceCv)
  Dowan (D:7)
  5 killer bees
  2 lindwurm simulacra (IceCv)
  4 electric eels
  3 howler monkeys
  4 vampire bats (Lair:1)
  5 jellies (Lair:2)
  4 hounds
  18 orc priests
  An iguana (D:4)
  A boggart zombie (D:15)
  20 orc wizards
  5 hell rats (Lair:3)
  Robin (D:3)
  6 adders
  21 gnolls
  3 white imps (Gauntlet)
  2 worms (D:3)
  2 dart slugs (D:1)
  100 orcs
  5 ball pythons
  11 bats
  28 endoplasms
  5 giant cockroaches
  15 goblins
  8 hobgoblins
  A jackal (D:4)
  22 kobolds
  6 quokkas
  4 frilled lizards
  23 rats
950 creatures vanquished.

Vanquished Creatures (collateral kills)
  Nergalle (D:10)
  A spriggan (Lair:2)
  3 black mambas (Snake:2)
  A hornet (Lair:2)
  6 orc warriors (Orc:2)
  An orc (Orc:2)
13 creatures vanquished.

Vanquished Creatures (others)
  A hydra (Swamp:1)
  An alligator (Swamp:1)
  A naga warrior (Snake:2)
  A rime drake (Gauntlet)
  A bloated husk (Swamp:2)
  A human (Swamp:2)
  An orc wizard (D:4)
  An orc (D:15)
  6 foxfires (Swamp:1)
14 creatures vanquished.

Grand Total: 977 creatures vanquished

Notes
Turn   | Place    | Note
-------+----------+-------------------------------------------
     0 | D:1      | math4jedi the Minotaur Berserker began the quest for the
                  | Orb.
     0 | D:1      | Reached XP level 1. HP: 19/19 MP: 0/0
    75 | D:1      | Found Fucenoh's Antique Weapon Shoppe.
   156 | D:1      | Reached XP level 2. HP: 26/26 MP: 1/1
   608 | D:1      | Reached skill level 5 in Axes
   690 | D:1      | Reached XP level 3. HP: 31/31 MP: 2/2
   690 | D:1      | Found a faded altar of an unknown god.
  1000 | D:2      | Found a shimmering altar of Xom.
  1213 | D:2      | Reached ** piety under Trog
  1479 | D:2      | Identified the ring "Raunim" {rN+ rCorr}
  1687 | D:3      | Found an opulent altar of Gozag.
  1706 | D:3      | Reached XP level 4. HP: 39/40 MP: 3/3
  1716 | D:3      | Noticed Robin
  1735 | D:3      | Killed Robin
  1798 | D:3      | Reached *** piety under Trog
  1928 | D:3      | Found the +8 trident of the Octopus King {venom, rElec
                  | rPois}
  2171 | D:3      | Reached XP level 5. HP: 45/46 MP: 4/4
  2197 | D:3      | Reached skill level 1 in Polearms
  2386 | D:3      | Found a hide-covered altar of Uskayaw.
  2628 | D:4      | Found a basalt altar of Yredelemnul.
  2630 | D:4      | Noticed an ice beast
  2642 | D:4      | Killed an ice beast
  2643 | D:4      | Reached XP level 6. HP: 41/53 MP: 5/5
  2680 | D:4      | Found a shimmering blue altar of Sif Muna.
  2817 | D:4      | Identified the +8 quarterstaff "Qic Ofeo" {drain, Str+5
                  | Int-3}
  3128 | D:4      | Reached **** piety under Trog
  3129 | D:4      | Reached skill level 5 in Fighting
  3129 | D:4      | Reached XP level 7. HP: 48/61 MP: 6/6
  3726 | D:5      | Entered Level 5 of the Dungeon
  3896 | D:5      | Reached skill level 5 in Armour
  4029 | D:5      | Found a shimmering altar of Xom.
  4325 | D:6      | Reached skill level 5 in Dodging
  4326 | D:6      | Reached XP level 8. HP: 21/70 MP: 7/7
  4449 | D:6      | Noticed Grinder
  4451 | D:6      | Reached skill level 1 in Evocations
  4467 | D:6      | Killed Grinder
  4468 | D:6      | Reached skill level 5 in Polearms
  4471 | D:6      | Noticed a cyclops
  4478 | D:6      | Killed a cyclops
  4506 | D:6      | Reached XP level 9. HP: 75/75 MP: 8/8
  4532 | D:6      | Noticed Blork the orc
  4565 | D:6      | Killed Blork the orc
  4648 | D:6      | Found an ornate altar of the Wu Jian Council.
  4743 | D:6      | Reached skill level 5 in Evocations
  4921 | D:6      | Found a bloodstained altar of Trog.
  5281 | D:7      | Noticed Dowan
  5283 | D:7      | Noticed Duvessa
  5291 | D:7      | Killed Duvessa
  5291 | D:7      | Killed Dowan
  5349 | D:7      | Reached ***** piety under Trog
  5461 | D:7      | Found a staircase to the Ecumenical Temple.
  5800 | D:8      | Found a burning altar of Makhleb.
  5888 | D:8      | Reached XP level 10. HP: 84/86 MP: 9/9
  5906 | D:8      | Found a glowing golden altar of the Shining One.
  6112 | D:8      | Identified the +4 ring mail of the Minstrel {rElec rF+
                  | Will+ Stlth+}
  6219 | D:8      | Noticed Joseph
  6233 | D:8      | Killed Joseph
  6440 | D:8      | Noticed a purple ugly thing
  6447 | D:8      | Killed a purple ugly thing
  6484 | D:8      | Found an ancient bone altar of Kikubaaqudgha.
  6817 | D:9      | Noticed a two-headed ogre
  6831 | D:9      | Killed a two-headed ogre
  7017 | D:9      | Received a gift from Trog
  7018 | D:9      | Reached XP level 11. HP: 89/95 MP: 10/10
  7194 | D:9      | Found a hazy altar of Hepliaklqana.
  7373 | D:10     | Entered Level 10 of the Dungeon
  7448 | D:10     | Noticed a death yak
  7451 | D:10     | Noticed a death yak
  7459 | D:10     | Noticed a death yak
  7460 | D:10     | Noticed a death yak
  7466 | D:10     | Killed a death yak
  7467 | D:10     | Noticed a centaur warrior
  7476 | D:10     | Killed a death yak
  7478 | D:10     | Noticed a death yak
  7479 | D:10     | Killed a death yak
  7483 | D:10     | Killed a centaur warrior
  7525 | D:10     | Killed a death yak
  7534 | D:10     | Killed a death yak
  7550 | D:10     | Found a staircase to the Lair.
  7794 | D:10     | Found a white marble altar of Elyvilon.
  7867 | D:10     | Found a shadowy altar of Dithmenos.
  7893 | D:10     | Noticed Nergalle
  7907 | D:10     | Killed Nergalle
  7908 | D:10     | Reached skill level 10 in Fighting
  7908 | D:10     | Reached skill level 10 in Armour
  7962 | D:10     | Reached skill level 10 in Dodging
  8243 | D:11     | Reached skill level 10 in Polearms
  8488 | D:11     | Found a stormy altar of Qazlal.
  8681 | D:11     | Reached XP level 12. HP: 96/106 MP: 11/11
  9269 | D:12     | Found a staircase to the Orcish Mines.
  9388 | D:12     | Noticed a tengu warrior
  9394 | D:12     | Found a bloodstained altar of Trog.
  9395 | D:12     | Noticed LobsterGuardian's ghost (novice FeTm)
  9395 | D:12     | Noticed a two-headed ogre
  9399 | D:12     | Found a transporter.
  9408 | D:12     | Found a transporter.
  9829 | Lair:1   | Entered Level 1 of the Lair of Beasts
 10174 | Lair:1   | Noticed Grum
 10182 | Lair:1   | Killed Grum
 10726 | Lair:2   | Found a staircase to the Snake Pit.
 11698 | D:1      | Bought a brightly glowing war axe for 221 gold pieces
 11698 | D:1      | Identified the +3 war axe "Vauff" {heavy, rN+} (You bought
                  | it in a shop on level 1 of the Dungeon)
 12172 | Lair:2   | Noticed a seven-headed hydra
 12172 | Lair:2   | Noticed a seven-headed hydra
 12442 | Lair:2   | Killed a seven-headed hydra
 12477 | Lair:2   | Found a staircase to the Swamp.
 12757 | Lair:3   | Noticed a six-headed hydra
 12835 | Lair:3   | Noticed a four-headed hydra
 12843 | Lair:3   | Killed a four-headed hydra
 12875 | Lair:3   | Reached XP level 13. HP: 114/117 MP: 12/12
 13822 | Lair:4   | Found a gate leading to a gauntlet.
 13844 | Gauntlet | Entered a Gauntlet
 13844 | Gauntlet | Found a transporter.
 13844 | Gauntlet | Found a transporter.
 13844 | Gauntlet | Found a transporter.
 13907 | Gauntlet | Found a transporter.
 13910 | Gauntlet | Found a transporter.
 13921 | Gauntlet | Found a transporter.
 13924 | Gauntlet | Found a transporter.
 13932 | Gauntlet | Noticed a blizzard demon
 13936 | Gauntlet | Found a transporter.
 13936 | Gauntlet | Found the +2 cloak of the Thief {*Fog Slay-2 SInv Stlth+}
 13950 | Gauntlet | Noticed a cacodemon
 13954 | Gauntlet | Found a transporter.
 13971 | Gauntlet | Found a transporter.
 13974 | Gauntlet | Found a transporter.
 13989 | Gauntlet | Found a transporter.
 14513 | Gauntlet | Gained mutation: You are clumsy. (Dex -2) [a neqoxec]
 14522 | Gauntlet | Gained mutation: Your magical capacity is low. (-10% MP) [a
                  | neqoxec]
 14525 | Gauntlet | Gained mutation: You sometimes lose your temper in combat.
                  | [a cacodemon]
 14526 | Gauntlet | Lost intelligence.
 14533 | Gauntlet | Killed a cacodemon
 14706 | Gauntlet | Identified the amulet of Toat {Faith Harm}
 14718 | Gauntlet | Lost mutation: Your magical capacity is low. (-10% MP)
                  | [potion of mutation]
 14718 | Gauntlet | Lost mutation: You are clumsy. (Dex -2) [potion of
                  | mutation]
 14718 | Gauntlet | Gained mutation: You are dopey. (Int -2) [potion of
                  | mutation]
 14718 | Gauntlet | Gained mutation: You are strong-willed. (Will+) [potion of
                  | mutation]
 14719 | Gauntlet | Lost mutation: You sometimes lose your temper in combat.
                  | [potion of mutation]
 14719 | Gauntlet | Lost mutation: You are dopey. (Int -2) [potion of mutation]
 14719 | Gauntlet | Lost mutation: You are strong-willed. (Will+) [potion of
                  | mutation]
 14719 | Gauntlet | Gained mutation: You sometimes lose your temper in combat.
                  | [potion of mutation]
 14719 | Gauntlet | Gained mutation: You have large cloven feet. [potion of
                  | mutation]
 14719 | Gauntlet | Gained mutation: You have hidden genetic defects. [potion
                  | of mutation]
 14720 | Gauntlet | Lost mutation: You have hidden genetic defects. [potion of
                  | mutation]
 14720 | Gauntlet | Lost mutation: You sometimes lose your temper in combat.
                  | [potion of mutation]
 14720 | Gauntlet | Lost mutation: You have large cloven feet. [potion of
                  | mutation]
 14720 | Gauntlet | Gained mutation: You have a somewhat thin skeletal
                  | structure. (Dex +2, Stealth+) [potion of mutation]
 14720 | Gauntlet | Gained mutation: You are weak. (Str -2) [potion of
                  | mutation]
 14720 | Gauntlet | Gained mutation: You are vulnerable to heat. (rF-) [potion
                  | of mutation]
 14721 | Gauntlet | Lost mutation: You are vulnerable to heat. (rF-) [potion of
                  | mutation]
 14721 | Gauntlet | Lost mutation: You have a somewhat thin skeletal structure.
                  | (Dex +2, Stealth+) [potion of mutation]
 14721 | Gauntlet | Gained mutation: You sometimes lose your temper in combat.
                  | [potion of mutation]
 14721 | Gauntlet | Gained mutation: You are dopey. (Int -2) [potion of
                  | mutation]
 14721 | Gauntlet | Gained mutation: You are somewhat resistant to further
                  | mutation. [potion of mutation]
 14722 | Gauntlet | Lost mutation: You are weak. (Str -2) [potion of mutation]
 14722 | Gauntlet | Lost mutation: You are dopey. (Int -2) [potion of mutation]
 14740 | Gauntlet | Noticed a minotaur
 14749 | Gauntlet | Killed a minotaur
 14750 | Gauntlet | Reached skill level 10 in Evocations
 14754 | Gauntlet | Identified the staff of air "Joyhanem" {rElec Will+ Str+3}
 14754 | Gauntlet | Identified the +0 scale mail "Neseucink" {rF+ Int+3}
 15154 | Lair:4   | Lost mutation: You sometimes lose your temper in combat.
                  | [potion of mutation]
 15154 | Lair:4   | Lost mutation: You are somewhat resistant to further
                  | mutation. [potion of mutation]
 15154 | Lair:4   | Gained mutation: Your muscles are strong. (Str +4, Int/Dex
                  | -1) [potion of mutation]
 15154 | Lair:4   | Gained mutation: You have sharp toenails. [potion of
                  | mutation]
 15154 | Lair:4   | Gained mutation: You are partially covered in iridescent
                  | scales. (AC +2) [potion of mutation]
 15447 | Lair:4   | Noticed Kirke
 15483 | Lair:4   | Killed Kirke
 16013 | Orc:1    | Entered Level 1 of the Orcish Mines
 16067 | Orc:2    | Entered Level 2 of the Orcish Mines
 16067 | Orc:2    | Found Solleeli's Antique Armour Shoppe.
 16067 | Orc:2    | Found Orchib's General Store.
 16090 | Orc:2    | Paralysed by an ogre mage for 3 turns
 16434 | Orc:2    | Found a staircase to the Elven Halls.
 16477 | Orc:2    | Found Ygielet's Assorted Antiques.
 16508 | Orc:2    | Reached XP level 14. HP: 103/127 MP: 13/13
 16588 | Orc:2    | Bought a grey potion for 25 gold pieces
 16679 | Orc:2    | Found Puito Fal's General Store.
 16727 | Orc:2    | Reached skill level 10 in Axes
 16868 | Orc:2    | Bought a potion of degeneration for 12 gold pieces
 16953 | Orc:2    | Found Maill's Weapon Shop.
 16953 | Orc:2    | Found Alopaple's Armour Shoppe.
 16955 | Orc:2    | Found Ocroetif's Magic Scroll Emporium.
 16957 | Orc:2    | Found Ysalipt's Antique Weapon Boutique.
 17066 | Orc:2    | Bought +0 gold dragon scales for 1200 gold pieces
 17483 | Orc:2    | Received a gift from Trog
 17975 | Orc:1    | Noticed an orc warlord
 18167 | Orc:1    | Killed an orc warlord
 18465 | D:12     | Killed LobsterGuardian's ghost
 18664 | D:13     | Noticed Nessos
 18676 | D:13     | Killed Nessos
 18783 | D:13     | Identified the +9 quick blade of Buapilir {elec, +Blink rF+
                  | Int-5 Dex+4}
 18968 | D:13     | Found a gate to the Vaults.
 19050 | D:13     | Noticed Snorg
 19060 | D:13     | Killed Snorg
 19837 | Lair:5   | Entered Level 5 of the Lair of Beasts
 20183 | Lair:5   | Identified the +4 halberd of Taetekuc {flame, Str+3} (Trog
                  | gifted it to you on level 5 of the Lair of Beasts)
 20183 | Lair:5   | Received a gift from Trog
 20213 | Lair:5   | Found a viscous altar of Jiyva.
 20213 | Lair:5   | Found a staircase to the Slime Pits.
 20267 | Lair:5   | Reached XP level 15. HP: 137/137 MP: 14/14
 21572 | D:14     | Noticed Josephine
 21577 | D:14     | Killed Josephine
 21970 | D:14     | Found a blossoming altar of Fedhas.
 23069 | D:15     | Entered Level 15 of the Dungeon
 24089 | D:15     | Received a gift from Trog
 24090 | D:15     | Reached XP level 16. HP: 146/147 MP: 15/15
 24097 | D:15     | Found a staircase to the Depths.
 24266 | Snake:1  | Entered Level 1 of the Snake Pit
 24513 | Snake:1  | Noticed Nikola
 24536 | Snake:1  | Killed Nikola
 24629 | Snake:1  | Noticed Azrael
 24648 | Snake:1  | Killed Azrael
 24815 | Snake:1  | Found an ancient bone altar of Kikubaaqudgha.
 24849 | Snake:1  | Reached skill level 15 in Polearms
 25213 | Snake:1  | Reached skill level 15 in Fighting
 25262 | Snake:1  | Reached skill level 15 in Armour
 25264 | Snake:1  | Identified the +6 arbalest of Indomitability {flame, rC++
                  | Dex+2}
 26226 | Snake:2  | Noticed Saint Roka
 26246 | Snake:2  | Killed Saint Roka
 26716 | Snake:2  | Received a gift from Trog
 27065 | Snake:2  | Reached skill level 15 in Dodging
 28310 | Snake:3  | Reached XP level 17. HP: 53/158 MP: 5/16
 28519 | Snake:3  | Identified the staff of air "Hyoveaz" {+Blink rElec Dex-4
                  | SInv}
 28857 | Swamp:1  | Entered Level 1 of the Swamp
 30172 | Swamp:2  | Found a frozen archway.
 30193 | IceCv    | Entered an ice cave
 30376 | IceCv    | Gained mutation: Armour fits poorly on your strangely
                  | shaped body. [a neqoxec]
 31068 | IceCv    | HP: 2/159 [reaper/+2 scythe of freezing (14)]
 31069 | IceCv    | Demolished by a reaper

Illustrated notes

Levels and vault maps discovered:
D:1:      erik_arrival_triangle_small, layout_basic, serial_shops, shop,
          ebering_ecumenical_altar_mist
D:2:      layout_basic, basic_altar, minmay_rat_hole
D:3:      layout_loops_ring, mainiacjoe_overflow_chevrons,
          nicolae_uskayaw_suspiria, minmay_starry_boxes, uniq_robin
D:4:      minmay_chambers_of_threes, layout_gridville, lemuel_blue_sif_altar,
          mainiacjoe_overflow_tiny_flanked, minmay_liquid_box
D:5:      layout_cave_pools, mainiacjoe_overflow_alcove_2
D:6:      layout_cave_pools, kennysheep_mini_moat,
          mainiacjoe_overflow_surrounded_room, grunt_ministairs_10,
          minmay_misc_feat_pillars, minmay_manual_mail, uniq_grinder,
          uniq_blork_the_orc
D:7:      nicolae_cairo_tiling_large, layout_rooms,
          minmay_temple_entry_sparse_star, serial_bayou_pond_e, dk_vineyard_1,
          uniq_duvessa
D:8:      layout_basic, nicolae_overflow_hidden_temple,
          mainiacjoe_overflow_large_starburst, uniq_joseph
D:9:      layout_long_grid, lemuel_crystal_altar, dreamdust_wishing_well
D:10:     layout_roguey, elyvilon_altar_1, pf_just_have_faith,
          dpeg_lair_monsters, uniq_nergalle
D:11:     layout_gridville, grunt_qazlal_clouds
D:12:     layout_basic, minmay_orc_entry_guard_dogs,
          gammafunk_ghost_wrathful_warriors
D:13:     minmay_shoctagon, layout_irregular_city, david_vaults_1, uniq_snorg,
          uniq_nessos
D:14:     layout_gridville, fedhas_altar_3, minmay_misc_feat_cross,
          uniq_josephine
D:15:     grunt_enter_depths_magical_seal, layout_cave_pools,
          serial_bayou_pond_e, nooodl_orcs_dogs
Lair:1:   layout_regular_city, minmay_lair_oklob_items, roderic_batcave,
          uniq_grum
Lair:2:   lemuel_slime, layout_chaotic_city, palyth_hydra_swamp_entry
Lair:3:   layout_loops_ring, st_stairs_8, chequers_serial_rivers_room_b,
          minivault_26
Lair:4:   layout_regular_city, gauntlet_entry_generic, gammafunk_lair_bear_cave,
          uniq_kirke
Lair:5:   hangedman_lair_tendril_chambers, layout_misc_corridors,
          dpeg_slime_entry_corner, minivault_26, grunt_forest_stairs_basic
Swamp:1:  layout_basic_swamp, nicolae_swamp_dense_foliage, swamp_pool3,
          infiniplex_staircase_pool_2
Swamp:2:  layout_falls_marsh, portal_ice_cave_entry_dragon,
          hangedman_swamp_blocks, nzn_swamp_weyward_sisters
Snake:1:  layout_cave_shapes, basic_altar, nicolae_snake_snakewalk, uniq_nikola,
          uniq_azrael
Snake:2:  nicolae_snake_crotalidae_crossing, layout_rooms,
          nicolae_snake_gridmaze_entwining, guppyfry_snake_island,
          serial_bayou_shore_a, uniq_saint_roka
Snake:3:  layout_misc_corridors
Orc:1:    layout_caves, serial_shops, mines1_david
Orc:2:    st_orc_rangers, layout_diamond_mine, serial_shops, shop, shop,
          nicolae_shop_rolling_square, shop, minmay_orc_barracks
IceCv:    ice_cave_tombish

Skill      XL: |  1  2  3  4  5  6  7  8  9 10 11 12 13 14 15 16 17 |
---------------+----------------------------------------------------+-----
Axes           | 4 5 6 7 9 11 12 13 14 | 14.4
Fighting       | 4 5 6 7 8 10 11 12 13 14 15 16 | 16.5
Armour         | 3 4 5 6 7 8 10 11 12 13 14 15 16 | 16.0
Polearms       | 2 4 6 7 9 10 11 12 13 14 16 | 16.0
Dodging        | 3 5 6 7 8 10 11 12 13 14 15 | 15.7
Evocations     | 4 6 7 8 9 10 11 12 | 12.2

Action                     |  1- 3 |  4- 6 |  7- 9 | 10-12 | 13-15 | 16-18 || total
---------------------------+-------+-------+-------+-------+-------+-------++-------
  Melee: Hand axe          |    83 |   133 |    37 |       |       |       ||   253
         Headbutt          |    14 |    21 |    28 |   122 |   243 |   137 ||   565
         Trident           |       |       |   218 |   608 |  1385 |   600 ||  2811
         Punch             |       |       |     5 |     4 |    12 |     7 ||    28
         Kick              |       |       |       |       |   302 |   189 ||   491
         Bardiche          |       |       |       |       |       |   212 ||   212
  Throw: Dart              |       |       |     4 |    10 |    33 |    21 ||    68
 Invoke: Trog's Hand       |       |     2 |     4 |    11 |    28 |    19 ||    64
         Berserk           |       |     1 |       |     1 |     2 |       ||     4
         Brothers in Arms  |       |       |       |     3 |     2 |     3 ||     8
  Evoke: Wand              |       |       |       |       |    18 |     6 ||    24
         Condenser vane    |       |       |       |       |     1 |     1 ||     2
         Phial of floods   |       |       |       |       |     1 |       ||     1
    Use: Scroll            |       |     4 |     2 |     7 |    12 |    13 ||    38
         Potion            |       |       |       |       |    17 |    11 ||    28
   Stab: Petrifying        |       |       |       |       |     2 |       ||     2
         Petrified         |       |       |       |       |     1 |       ||     1
         Distracted        |       |       |       |       |       |     1 ||     1
 Armour: Scale mail        |    18 |    45 |    10 |       |       |       ||    73
         Ring mail         |     2 |       |       |       |       |       ||     2
         Plate armour      |       |       |    95 |   153 |   143 |       ||   391
         Chain mail        |       |       |    11 |       |       |       ||    11
         Gold dragon scale |       |       |       |       |   303 |   392 ||   695
  Dodge: Dodged            |    50 |    63 |   115 |   158 |   455 |   235 ||  1076
         Repelled          |     1 |       |     3 |     7 |     7 |    22 ||    40
  Block: Other             |       |       |       |    13 |   230 |   142 ||   385
         Reflection        |       |       |       |       |    45 |    13 ||    58
